 Dungeon Crawl Stone Soup version 0.19-a0-291-ga637243 (webtiles) character file.

5928 Ijustatesigmund the Cleaver (level 10, -3/97 HPs)
             Began as a Hill Orc Fighter on May 27, 2016.
             Was a Follower of Ukayaw.
             Slain by a killer bee (5 damage)
             ... on level 9 of the Dungeon.
             The game lasted 00:23:28 (8624 turns).

Ijustatesigmund the Cleaver (Hill Orc Fighter)      Turns: 8624, Time: 00:23:30

Health: -3/97      AC: 15    Str: 20    XL:     10   Next: 83%
Magic:  12/15      EV:  6    Int:  8    God:    Ukayaw [*.....]
Gold:   414        SH: 11    Dex: 13    Spells: 0 memorised, 9 levels left

rFire  . . .     SeeInvis +     a - +3 war axe
rCold  . . .     Gourm    .     o - +0 chain mail
rNeg   + . .     Faith    .     c - +0 shield
rPois  .         Spirit   .     s - +0 helmet
rElec  .         Dismiss  .     b - +0 cloak
rCorr  +         Reflect  .     v - +0 pair of gloves "Yfexki Mivi" {rN+ SInv Stlth+} (curse)
SustAt .         Harm     .     e - +1 pair of boots
MR     .....                    (no amulet)
Stlth  ..........               (no ring)
                                g - ring of resist corrosion

@: lethally poisoned (-3 -> -21), not resistant to hostile enchantments,
extremely unstealthy
A: no striking features
a: Stomp, Renounce Religion


You were on level 9 of the Dungeon.
You worshipped Ukayaw.
Ukayaw was aware of your devotion.
You were not hungry.

You visited 1 branch of the dungeon, and saw 9 of its levels.

You collected 414 gold pieces.

Inventory:

Hand Weapons
 a - a +3 war axe (weapon)
Armour
 b - a +0 cloak (worn)
 c - a +0 shield (worn)
 e - a +1 pair of boots (worn)
 o - a +0 chain mail (worn)
 s - a +0 helmet (worn)
 v - the cursed +0 pair of gloves "Yfexki Mivi" (worn) {rN+ SInv Stlth+}
   (You found it on level 5 of the Dungeon)

   It protects you from negative energy.
   It lets you see invisible.
   It makes you more stealthy.
   It has a curse placed upon it.
Jewellery
 g - a ring of resist corrosion (left hand)
 y - an uncursed ring of see invisible
Wands
 d - a wand of disintegration (5/24)
 h - a wand of acid (8/15)
 i - a wand of flame (22/48)
 t - a wand of confusion (0/48)
Scrolls
 k - 2 scrolls of remove curse
 m - 3 scrolls of amnesia
 n - 5 scrolls of recharging
 p - a scroll of fog
 r - a scroll of identify
 x - a scroll of immolation
Potions
 l - 3 potions of flight
 u - 2 potions of magic
Books
 q - a book of Spatial Translocations

   Spells                             Type                      Level
   a - Apportation                    Translocation                1
   b - Blink                          Translocation                2
   c - Shroud of Golubria             Charms/Translocation         2
   d - Portal Projectile              Translocation                3
   e - Teleport Other                 Translocation                3
   f - Passage of Golubria            Translocation                4
 w - an Akashic Record

   Spells                             Type                      Level
   a - Dispersal                      Translocation                6
   b - Malign Gateway                 Summoning/Translocation      7
   c - Disjunction                    Translocation                8
   d - Controlled Blink               Translocation                8
Comestibles
 f - 7 bread rations
 j - 3 meat rations
 z - 5 fruits
 A - a royal jelly
 B - 2 chunks of flesh


   Skills:
 + Level 11.7 Fighting
 + Level 12.4 Axes
 - Level 4.6 Armour
 - Level 7.2 Shields
 + Level 6.9 Invocations


You had 9 spell levels left.
You didn't know any spells.

Dungeon Overview and Level Annotations

Branches:
Dungeon (9/15)             Temple (0/1) D:7            Lair (0/8) D:8
    Orc: D:9-12

Altars:
Ashenzari
Cheibriados
Dithmenos
Fedhas
Gozag
Hepliaklqana
Kikubaaqudgha
Nemelex Xobeh
Ru
Sif Muna
Ukayaw
Vehumet
Xom
Zin
The Shining One

Shops:
D:5 :   D:8 (


Message History

You feel sick. The killer bee stings you.
* * * LOW HITPOINT WARNING * * *
You are more poisoned.
The killer bee poisons you!
The killer bee stings you but does no damage.
You block the killer bee's attack.
You stomp with the beat, sending a shockwave through the revelers around you!
The killer bee is severely wounded.
The killer bee is heavily wounded.
You feel somewhat more hungry.
You can no longer pass through a line of other dancers.
* * * LOW HITPOINT WARNING * * *
You feel sick. You block the killer bee's attack.
The killer bee stings you but does no damage.
You block the killer bee's attack.
The killer bee rages.
The killer bee barely misses you. The killer bee stings you.
* * * LOW HITPOINT WARNING * * *
The killer bee stings you.
You die...

#.### #[)#
..<.#
######[##
....#
#>.......#
....#
#........#
....+
#........#
....#
#........#
....#
#........#
....#
#........####
....#
#.......y@yy#
....#
.......y##y#
....#
.......y..†#
....#
..####..y.y#
#. ##....#
#.#...#
#y###..# #%#
#..# .# #.##


You could see a queen bee and 5 killer bees.

Vanquished Creatures
  The ghost of no0bjke the Fighter, a novice DsFi of Hepliaklqana (D:9)
  Pikel (D:8)
  Joseph (D:8)
  The ghost of herpmino the Chopper, a novice DsGl of Okawaru (D:7)
  A hippogriff (D:8)
  A vampire (D:6)
  A basilisk (D:8)
  A phantom (D:7)
  2 sky beasts
  2 orc warriors
  2 ice beasts
  4 ogres
  3 centaurs
  5 giant frogs
  Blork the orc (D:6)
  5 scorpions
  13 killer bees
  5 wights (D:8)
  2 electric eels (D:7)
  3 crimson imps
  A giant frog skeleton (D:5)
  A hound (D:7)
  2 jellies (D:7)
  2 orc priests
  Crazy Yiuf (D:6)
  5 orc wizards
  Jessica (D:3)
  3 iguanas
  A hell rat (D:8)
  2 worker ants
  2 hound zombies
  3 hound skeletons
  10 gnolls
  8 adders
  2 river rats (D:8)
  3 shadow imps
  2 adder zombies
  An adder skeleton (D:4)
  A worm (D:6)
  10 dart slugs
  4 giant geckos
  30 orcs
  3 ball pythons
  3 giant cockroaches
  9 goblins
  13 hobgoblins
  17 jackals
  10 kobolds
  5 quokkas
  6 bats
  2 giant gecko zombies
  A giant newt (D:7)
  A quokka zombie (D:8)
  14 rats
  A fungus (D:8)
235 creatures vanquished.

Vanquished Creatures (others)
  An ice beast (D:8)
  4 slaves (D:8)
  2 giant frogs (D:8)
  An orc (D:8)
  5 fungi (D:8)
13 creatures vanquished.

Grand Total: 248 creatures vanquished

Notes
Turn   | Place    | Note
--------------------------------------------------------------
     0 | D:1      | Ijustatesigmund the Hill Orc Fighter began the quest for the Orb.
     0 | D:1      | Reached XP level 1. HP: 19/19 MP: 1/1
    79 | D:1      | Reached skill level 3 in Axes
   103 | D:1      | Reached XP level 2. HP: 27/27 MP: 2/2
   177 | D:1      | Reached XP level 3. HP: 34/34 MP: 3/3
   434 | D:1      | Reached skill level 4 in Axes
   801 | D:2      | Reached XP level 4. HP: 41/41 MP: 4/4
   831 | D:2      | Found a sacrificial altar of Ru.
  1141 | D:3      | Found a shadowy altar of Dithmenos.
  1194 | D:3      | Found a hide-covered altar to Ukayaw.
  1212 | D:3      | Became a worshipper of Ukayaw the Reveler
  1238 | D:3      | Reached * piety under Ukayaw
  1272 | D:3      | Reached skill level 5 in Fighting
  1289 | D:3      | Reached ** piety under Ukayaw
  1297 | D:3      | Found a hazy altar of Hepliaklqana.
  1377 | D:3      | Noticed Jessica
  1388 | D:3      | Reached skill level 5 in Axes
  1389 | D:3      | Killed Jessica
  1389 | D:3      | Reached XP level 5. HP: 40/48 MP: 1/5
  1389 | D:3      | Reached *** piety under Ukayaw
  1658 | D:3      | Found an ancient bone altar of Kikubaaqudgha.
  1661 | D:3      | Found a radiant altar of Vehumet.
  1662 | D:3      | Found a glowing silver altar of Zin.
  1662 | D:3      | Found a shimmering altar of Xom.
  1953 | D:4      | Found a glowing golden altar of the Shining One.
  2128 | D:4      | Reached XP level 6. HP: 52/57 MP: 6/6
  2283 | D:4      | Reached skill level 6 in Axes
  2932 | D:5      | Entered Level 5 of the Dungeon
  2938 | D:5      | Found Xithrynlu's Book Emporium.
  3467 | D:5      | Reached XP level 7. HP: 60/64 MP: 7/7
  3638 | D:5      | Found a deep blue altar of Sif Muna.
  3752 | D:5      | Got a pair of slimy gloves
  3758 | D:5      | Identified the cursed +0 pair of gloves "Yfexki Mivi" {rN+ SInv Stlth+} (You found it on level 5 of the Dungeon)
  3930 | D:5      | Found an opulent altar of Gozag.
  3931 | D:5      | Found a sparkling altar of Nemelex Xobeh.
  3977 | D:5      | Reached skill level 7 in Axes
  4132 | D:6      | Noticed a vampire
  4140 | D:6      | Reached **** piety under Ukayaw
  4143 | D:6      | Reached ***** piety under Ukayaw
  4150 | D:6      | Killed a vampire
  4150 | D:6      | Reached XP level 8. HP: 62/73 MP: 8/8
  4212 | D:6      | Reached skill level 8 in Axes
  4219 | D:6      | Found a snail-covered altar of Cheibriados.
  4396 | D:6      | Reached skill level 5 in Shields
  4503 | D:6      | Noticed Blork the orc
  4508 | D:6      | Killed Blork the orc
  4545 | D:6      | Noticed Crazy Yiuf
  4553 | D:6      | Killed Crazy Yiuf
  5027 | D:7      | Reached skill level 9 in Axes
  5034 | D:7      | Noticed herpmino's ghost (novice DsGl)
  5639 | D:7      | Reached XP level 9. HP: 76/82 MP: 9/9
  5651 | D:7      | Found a staircase to the Ecumenical Temple.
  6534 | D:7      | Reached skill level 10 in Axes
  6595 | D:7      | Killed herpmino's ghost
  6631 | D:7      | Reached skill level 10 in Fighting
  6942 | D:8      | Noticed Pikel
  6944 | D:8      | Reached skill level 1 in Invocations
  6963 | D:8      | Killed Pikel
  6963 | D:8      | Reached skill level 11 in Axes
  6963 | D:8      | Reached XP level 10. HP: 76/94 MP: 9/12
  7002 | D:8      | Found a blossoming altar of Fedhas.
  7077 | D:8      | Found a staircase to the Lair.
  7077 | D:8      | Noticed Joseph
  7106 | D:8      | Killed Joseph
  7693 | D:8      | Reached skill level 5 in Invocations
  7779 | D:8      | Found a shattered altar of Ashenzari.
  7979 | D:8      | Found Oxuas's Antique Weapon Shoppe.
  8194 | D:9      | Noticed no0bjke's ghost (novice DsFi)
  8197 | D:9      | Reached skill level 12 in Axes
  8587 | D:9      | Killed no0bjke's ghost
  8624 | D:9      | HP: 2/97 [killer bee (6)]
  8624 | D:9      | Slain by a killer bee

Vault maps used:
D:1:      lightli_molten_gateway
D:2:      nicolae_ru_awakened_eye
D:3:      nicolae_overflow_crystal_walls, overflow_temple_1_default,
          nicolae_dithmenos_shadow_blocks, grunt_temple_overflow_open,
          first_bread, uniq_jessica
D:4:      kennysheep_slugbush, overflow_temple_1_default,
          serial_co_window_serial, co_window_of_opportunity_a,
          co_window_corner_a, co_window_corner_a, co_window_corner_a,
          co_window_paths_b, co_window_corner_b, co_window_unsneaky_path_e,
          co_window_of_opportunity_b, co_window_4corner_b, co_window_paths_e,
          glass_columns_a, glass_columns_a, glass_columns_b,
          minmay_misc_feat_tiny
D:5:      grunt_temple_overflow_opulence, kennysheep_mini_moat, serial_shops,
          nicolae_shop_trees, grunt_decor_mini_mirrors, minmay_fountain_box
D:6:      slow_altar_1, kb_rosetta, uniq_blork_the_orc, uniq_crazy_yiuf_cottage
D:7:      wad_river_or_something, minmay_temple_entry_overgrown
D:8:      nicolae_ashenzari_panopticon, fedhas_altar_3, dpeg_lair_monsters,
          serial_shops, shop, uniq_joseph, uniq_pikel
D:9:      makhleb_altar_promises_db, david_nohive_1

Skill      XL: |  1  2  3  4  5  6  7  8  9 10 |
---------------+-------------------------------+-----
Axes           | 3 4 5 6 7 9 11 12 | 12.4
Fighting       | 4 5 6 7 8 10 11 | 11.7
Armour         | 4 |  4.6
Shields        | 4 6 7 |  7.2
Invocations    | 3 6 |  6.9

Action                   |  1- 3 |  4- 6 |  7- 9 | 10-12 || total
-------------------------+-------+-------+-------+-------++-------
Melee: War axe           |    76 |   193 |   318 |   245 ||   832
Invok: Stomp             |       |     4 |     1 |     2 ||     7
Evoke: Wand              |       |       |       |     5 ||     5
  Use: Scroll            |     3 |    14 |     3 |       ||    20
       Potion            |       |       |     4 |     1 ||     5
 Stab: Paralysed         |       |     2 |    12 |     8 ||    22
  Eat: Chunk             |       |     7 |     8 |     4 ||    19
       Beef jerky        |       |     1 |       |     1 ||     2
       Fruit             |       |       |     6 |       ||     6
Armor: Scale mail        |    31 |    28 |       |       ||    59
       Chain mail        |       |    74 |   156 |    90 ||   320
Dodge: Dodged            |    35 |    50 |    68 |    43 ||   196
Block: Shield            |    44 |   102 |   166 |   106 ||   418
